Workbook

Sheet How to use
A1: Free tip tracker template from Tipling
A3: 1. Log one row per shift on the 'Shift log' sheet. Fill only the white columns.
A4: 2. The shaded columns calculate themselves:
A5: Wages = Hours x Hourly wage
A6: Net tips = Cash tips + Card tips - Tip out + Tip in
A7: Take-home = Wages + Net tips
A8: Effective $/hr = Take-home / Hours
A9: Tip % of sales = (Cash + Card tips) / Sales
A10: 3. On 'Summary', type the first day of each month in column A to see monthly totals.
A11: 4. Clear the three example rows when you start (clear the white cells, keep the rows).
A13: Google Sheets: File > Import > Upload this file. Numbers: just open it.
A14: This sheet is a record-keeping aid, not tax advice.

Sheet Shift log
A1: Date | B1: Job | C1: Position | D1: Shift | E1: Hours | F1: Hourly wage | G1: Cash tips | H1: Card tips | I1: Tip out (paid) | J1: Tip in (received) | K1: Sales | L1: Guests | M1: Notes | N1: Wages | O1: Net tips | P1: Take-home | Q1: Effective $/hr | R1: Tip % of sales
A2: 46300 | B2: Main St Bistro | C2: Server | D2: Dinner | E2: 6 | F2: 2.13 | G2: 65 | H2: 180 | I2: 30 | J2: 0 | K2: 1450 | L2: 42 | M2: Monday dinner, busy patio | N2: =IF(E2="","",E2*F2) | O2: =IF(AND(G2="",H2=""),"",G2+H2-I2+J2) | P2: =IF(A2="","",N(N2)+N(O2)) | Q2: =IF(OR(E2="",E2=0,P2=""),"",P2/E2) | R2: =IF(OR(K2="",K2=0),"",(G2+H2)/K2)
A3: 46301 | B3: Main St Bistro | C3: Server | D3: Brunch | E3: 5 | F3: 2.13 | G3: 40 | H3: 110 | I3: 18 | J3: 0 | K3: 820 | L3: 31 | N3: =IF(E3="","",E3*F3) | O3: =IF(AND(G3="",H3=""),"",G3+H3-I3+J3) | P3: =IF(A3="","",N(N3)+N(O3)) | Q3: =IF(OR(E3="",E3=0,P3=""),"",P3/E3) | R3: =IF(OR(K3="",K3=0),"",(G3+H3)/K3)
A4: 46303 | B4: Corner Bar | C4: Bartender | D4: Close | E4: 7 | F4: 7.25 | G4: 120 | H4: 210 | I4: 0 | J4: 0 | K4: 2100 | L4: 0 | M4: Slow until 10 | N4: =IF(E4="","",E4*F4) | O4: =IF(AND(G4="",H4=""),"",G4+H4-I4+J4) | P4: =IF(A4="","",N(N4)+N(O4)) | Q4: =IF(OR(E4="",E4=0,P4=""),"",P4/E4) | R4: =IF(OR(K4="",K4=0),"",(G4+H4)/K4)
N5: =IF(E5="","",E5*F5) | O5: =IF(AND(G5="",H5=""),"",G5+H5-I5+J5) | P5: =IF(A5="","",N(N5)+N(O5)) | Q5: =IF(OR(E5="",E5=0,P5=""),"",P5/E5) | R5: =IF(OR(K5="",K5=0),"",(G5+H5)/K5)
N6: =IF(E6="","",E6*F6) | O6: =IF(AND(G6="",H6=""),"",G6+H6-I6+J6) | P6: =IF(A6="","",N(N6)+N(O6)) | Q6: =IF(OR(E6="",E6=0,P6=""),"",P6/E6) | R6: =IF(OR(K6="",K6=0),"",(G6+H6)/K6)
N7: =IF(E7="","",E7*F7) | O7: =IF(AND(G7="",H7=""),"",G7+H7-I7+J7) | P7: =IF(A7="","",N(N7)+N(O7)) | Q7: =IF(OR(E7="",E7=0,P7=""),"",P7/E7) | R7: =IF(OR(K7="",K7=0),"",(G7+H7)/K7)
N8: =IF(E8="","",E8*F8) | O8: =IF(AND(G8="",H8=""),"",G8+H8-I8+J8) | P8: =IF(A8="","",N(N8)+N(O8)) | Q8: =IF(OR(E8="",E8=0,P8=""),"",P8/E8) | R8: =IF(OR(K8="",K8=0),"",(G8+H8)/K8)
N9: =IF(E9="","",E9*F9) | O9: =IF(AND(G9="",H9=""),"",G9+H9-I9+J9) | P9: =IF(A9="","",N(N9)+N(O9)) | Q9: =IF(OR(E9="",E9=0,P9=""),"",P9/E9) | R9: =IF(OR(K9="",K9=0),"",(G9+H9)/K9)
N10: =IF(E10="","",E10*F10) | O10: =IF(AND(G10="",H10=""),"",G10+H10-I10+J10) | P10: =IF(A10="","",N(N10)+N(O10)) | Q10: =IF(OR(E10="",E10=0,P10=""),"",P10/E10) | R10: =IF(OR(K10="",K10=0),"",(G10+H10)/K10)
N11: =IF(E11="","",E11*F11) | O11: =IF(AND(G11="",H11=""),"",G11+H11-I11+J11) | P11: =IF(A11="","",N(N11)+N(O11)) | Q11: =IF(OR(E11="",E11=0,P11=""),"",P11/E11) | R11: =IF(OR(K11="",K11=0),"",(G11+H11)/K11)
N12: =IF(E12="","",E12*F12) | O12: =IF(AND(G12="",H12=""),"",G12+H12-I12+J12) | P12: =IF(A12="","",N(N12)+N(O12)) | Q12: =IF(OR(E12="",E12=0,P12=""),"",P12/E12) | R12: =IF(OR(K12="",K12=0),"",(G12+H12)/K12)
N13: =IF(E13="","",E13*F13) | O13: =IF(AND(G13="",H13=""),"",G13+H13-I13+J13) | P13: =IF(A13="","",N(N13)+N(O13)) | Q13: =IF(OR(E13="",E13=0,P13=""),"",P13/E13) | R13: =IF(OR(K13="",K13=0),"",(G13+H13)/K13)
N14: =IF(E14="","",E14*F14) | O14: =IF(AND(G14="",H14=""),"",G14+H14-I14+J14) | P14: =IF(A14="","",N(N14)+N(O14)) | Q14: =IF(OR(E14="",E14=0,P14=""),"",P14/E14) | R14: =IF(OR(K14="",K14=0),"",(G14+H14)/K14)
N15: =IF(E15="","",E15*F15) | O15: =IF(AND(G15="",H15=""),"",G15+H15-I15+J15) | P15: =IF(A15="","",N(N15)+N(O15)) | Q15: =IF(OR(E15="",E15=0,P15=""),"",P15/E15) | R15: =IF(OR(K15="",K15=0),"",(G15+H15)/K15)
N16: =IF(E16="","",E16*F16) | O16: =IF(AND(G16="",H16=""),"",G16+H16-I16+J16) | P16: =IF(A16="","",N(N16)+N(O16)) | Q16: =IF(OR(E16="",E16=0,P16=""),"",P16/E16) | R16: =IF(OR(K16="",K16=0),"",(G16+H16)/K16)
... N501: =IF(E501="","",E501*F501) | O501: =IF(AND(G501="",H501=""),"",G501+H501-I501+J501) | P501: =IF(A501="","",N(N501)+N(O501)) | Q501: =IF(OR(E501="",E501=0,P501=""),"",P501/E501) | R501: =IF(OR(K501="",K501=0),"",(G501+H501)/K501)

Sheet Summary
A1: Totals by month
A2: Type a month start date in column A (e.g. 2026-10-01); the rest fills in.
A4: Month starting | B4: Shifts | C4: Hours | D4: Wages | E4: Net tips | F4: Take-home | G4: Effective $/hr
A5: 46296 | B5: =IF(A5="","",COUNTIFS('Shift log'!$A$2:$A$501,">="&A5,'Shift log'!$A$2:$A$501,"<"&EDATE(A5,1))) | C5: =IF(A5="","",SUMIFS('Shift log'!$E$2:$E$501,'Shift log'!$A$2:$A$501,">="&A5,'Shift log'!$A$2:$A$501,"<"&EDATE(A5,1))) | D5: =IF(A5="","",SUMIFS('Shift log'!$N$2:$N$501,'Shift log'!$A$2:$A$501,">="&A5,'Shift log'!$A$2:$A$501,"<"&EDATE(A5,1))) | E5: =IF(A5="","",SUMIFS('Shift log'!$O$2:$O$501,'Shift log'!$A$2:$A$501,">="&A5,'Shift log'!$A$2:$A$501,"<"&EDATE(A5,1))) | F5: =IF(A5="","",SUMIFS('Shift log'!$P$2:$P$501,'Shift log'!$A$2:$A$501,">="&A5,'Shift log'!$A$2:$A$501,"<"&EDATE(A5,1))) | G5: =IF(OR(A5="",C5=0),"",F5/C5)
B6: =IF(A6="","",COUNTIFS('Shift log'!$A$2:$A$501,">="&A6,'Shift log'!$A$2:$A$501,"<"&EDATE(A6,1))) | C6: =IF(A6="","",SUMIFS('Shift log'!$E$2:$E$501,'Shift log'!$A$2:$A$501,">="&A6,'Shift log'!$A$2:$A$501,"<"&EDATE(A6,1))) | D6: =IF(A6="","",SUMIFS('Shift log'!$N$2:$N$501,'Shift log'!$A$2:$A$501,">="&A6,'Shift log'!$A$2:$A$501,"<"&EDATE(A6,1))) | E6: =IF(A6="","",SUMIFS('Shift log'!$O$2:$O$501,'Shift log'!$A$2:$A$501,">="&A6,'Shift log'!$A$2:$A$501,"<"&EDATE(A6,1))) | F6: =IF(A6="","",SUMIFS('Shift log'!$P$2:$P$501,'Shift log'!$A$2:$A$501,">="&A6,'Shift log'!$A$2:$A$501,"<"&EDATE(A6,1))) | G6: =IF(OR(A6="",C6=0),"",F6/C6)
B7: =IF(A7="","",COUNTIFS('Shift log'!$A$2:$A$501,">="&A7,'Shift log'!$A$2:$A$501,"<"&EDATE(A7,1))) | C7: =IF(A7="","",SUMIFS('Shift log'!$E$2:$E$501,'Shift log'!$A$2:$A$501,">="&A7,'Shift log'!$A$2:$A$501,"<"&EDATE(A7,1))) | D7: =IF(A7="","",SUMIFS('Shift log'!$N$2:$N$501,'Shift log'!$A$2:$A$501,">="&A7,'Shift log'!$A$2:$A$501,"<"&EDATE(A7,1))) | E7: =IF(A7="","",SUMIFS('Shift log'!$O$2:$O$501,'Shift log'!$A$2:$A$501,">="&A7,'Shift log'!$A$2:$A$501,"<"&EDATE(A7,1))) | F7: =IF(A7="","",SUMIFS('Shift log'!$P$2:$P$501,'Shift log'!$A$2:$A$501,">="&A7,'Shift log'!$A$2:$A$501,"<"&EDATE(A7,1))) | G7: =IF(OR(A7="",C7=0),"",F7/C7)
B8: =IF(A8="","",COUNTIFS('Shift log'!$A$2:$A$501,">="&A8,'Shift log'!$A$2:$A$501,"<"&EDATE(A8,1))) | C8: =IF(A8="","",SUMIFS('Shift log'!$E$2:$E$501,'Shift log'!$A$2:$A$501,">="&A8,'Shift log'!$A$2:$A$501,"<"&EDATE(A8,1))) | D8: =IF(A8="","",SUMIFS('Shift log'!$N$2:$N$501,'Shift log'!$A$2:$A$501,">="&A8,'Shift log'!$A$2:$A$501,"<"&EDATE(A8,1))) | E8: =IF(A8="","",SUMIFS('Shift log'!$O$2:$O$501,'Shift log'!$A$2:$A$501,">="&A8,'Shift log'!$A$2:$A$501,"<"&EDATE(A8,1))) | F8: =IF(A8="","",SUMIFS('Shift log'!$P$2:$P$501,'Shift log'!$A$2:$A$501,">="&A8,'Shift log'!$A$2:$A$501,"<"&EDATE(A8,1))) | G8: =IF(OR(A8="",C8=0),"",F8/C8)
B9: =IF(A9="","",COUNTIFS('Shift log'!$A$2:$A$501,">="&A9,'Shift log'!$A$2:$A$501,"<"&EDATE(A9,1))) | C9: =IF(A9="","",SUMIFS('Shift log'!$E$2:$E$501,'Shift log'!$A$2:$A$501,">="&A9,'Shift log'!$A$2:$A$501,"<"&EDATE(A9,1))) | D9: =IF(A9="","",SUMIFS('Shift log'!$N$2:$N$501,'Shift log'!$A$2:$A$501,">="&A9,'Shift log'!$A$2:$A$501,"<"&EDATE(A9,1))) | E9: =IF(A9="","",SUMIFS('Shift log'!$O$2:$O$501,'Shift log'!$A$2:$A$501,">="&A9,'Shift log'!$A$2:$A$501,"<"&EDATE(A9,1))) | F9: =IF(A9="","",SUMIFS('Shift log'!$P$2:$P$501,'Shift log'!$A$2:$A$501,">="&A9,'Shift log'!$A$2:$A$501,"<"&EDATE(A9,1))) | G9: =IF(OR(A9="",C9=0),"",F9/C9)
B10: =IF(A10="","",COUNTIFS('Shift log'!$A$2:$A$501,">="&A10,'Shift log'!$A$2:$A$501,"<"&EDATE(A10,1))) | C10: =IF(A10="","",SUMIFS('Shift log'!$E$2:$E$501,'Shift log'!$A$2:$A$501,">="&A10,'Shift log'!$A$2:$A$501,"<"&EDATE(A10,1))) | D10: =IF(A10="","",SUMIFS('Shift log'!$N$2:$N$501,'Shift log'!$A$2:$A$501,">="&A10,'Shift log'!$A$2:$A$501,"<"&EDATE(A10,1))) | E10: =IF(A10="","",SUMIFS('Shift log'!$O$2:$O$501,'Shift log'!$A$2:$A$501,">="&A10,'Shift log'!$A$2:$A$501,"<"&EDATE(A10,1))) | F10: =IF(A10="","",SUMIFS('Shift log'!$P$2:$P$501,'Shift log'!$A$2:$A$501,">="&A10,'Shift log'!$A$2:$A$501,"<"&EDATE(A10,1))) | G10: =IF(OR(A10="",C10=0),"",F10/C10)
B11: =IF(A11="","",COUNTIFS('Shift log'!$A$2:$A$501,">="&A11,'Shift log'!$A$2:$A$501,"<"&EDATE(A11,1))) | C11: =IF(A11="","",SUMIFS('Shift log'!$E$2:$E$501,'Shift log'!$A$2:$A$501,">="&A11,'Shift log'!$A$2:$A$501,"<"&EDATE(A11,1))) | D11: =IF(A11="","",SUMIFS('Shift log'!$N$2:$N$501,'Shift log'!$A$2:$A$501,">="&A11,'Shift log'!$A$2:$A$501,"<"&EDATE(A11,1))) | E11: =IF(A11="","",SUMIFS('Shift log'!$O$2:$O$501,'Shift log'!$A$2:$A$501,">="&A11,'Shift log'!$A$2:$A$501,"<"&EDATE(A11,1))) | F11: =IF(A11="","",SUMIFS('Shift log'!$P$2:$P$501,'Shift log'!$A$2:$A$501,">="&A11,'Shift log'!$A$2:$A$501,"<"&EDATE(A11,1))) | G11: =IF(OR(A11="",C11=0),"",F11/C11)
B12: =IF(A12="","",COUNTIFS('Shift log'!$A$2:$A$501,">="&A12,'Shift log'!$A$2:$A$501,"<"&EDATE(A12,1))) | C12: =IF(A12="","",SUMIFS('Shift log'!$E$2:$E$501,'Shift log'!$A$2:$A$501,">="&A12,'Shift log'!$A$2:$A$501,"<"&EDATE(A12,1))) | D12: =IF(A12="","",SUMIFS('Shift log'!$N$2:$N$501,'Shift log'!$A$2:$A$501,">="&A12,'Shift log'!$A$2:$A$501,"<"&EDATE(A12,1))) | E12: =IF(A12="","",SUMIFS('Shift log'!$O$2:$O$501,'Shift log'!$A$2:$A$501,">="&A12,'Shift log'!$A$2:$A$501,"<"&EDATE(A12,1))) | F12: =IF(A12="","",SUMIFS('Shift log'!$P$2:$P$501,'Shift log'!$A$2:$A$501,">="&A12,'Shift log'!$A$2:$A$501,"<"&EDATE(A12,1))) | G12: =IF(OR(A12="",C12=0),"",F12/C12)
B13: =IF(A13="","",COUNTIFS('Shift log'!$A$2:$A$501,">="&A13,'Shift log'!$A$2:$A$501,"<"&EDATE(A13,1))) | C13: =IF(A13="","",SUMIFS('Shift log'!$E$2:$E$501,'Shift log'!$A$2:$A$501,">="&A13,'Shift log'!$A$2:$A$501,"<"&EDATE(A13,1))) | D13: =IF(A13="","",SUMIFS('Shift log'!$N$2:$N$501,'Shift log'!$A$2:$A$501,">="&A13,'Shift log'!$A$2:$A$501,"<"&EDATE(A13,1))) | E13: =IF(A13="","",SUMIFS('Shift log'!$O$2:$O$501,'Shift log'!$A$2:$A$501,">="&A13,'Shift log'!$A$2:$A$501,"<"&EDATE(A13,1))) | F13: =IF(A13="","",SUMIFS('Shift log'!$P$2:$P$501,'Shift log'!$A$2:$A$501,">="&A13,'Shift log'!$A$2:$A$501,"<"&EDATE(A13,1))) | G13: =IF(OR(A13="",C13=0),"",F13/C13)
B14: =IF(A14="","",COUNTIFS('Shift log'!$A$2:$A$501,">="&A14,'Shift log'!$A$2:$A$501,"<"&EDATE(A14,1))) | C14: =IF(A14="","",SUMIFS('Shift log'!$E$2:$E$501,'Shift log'!$A$2:$A$501,">="&A14,'Shift log'!$A$2:$A$501,"<"&EDATE(A14,1))) | D14: =IF(A14="","",SUMIFS('Shift log'!$N$2:$N$501,'Shift log'!$A$2:$A$501,">="&A14,'Shift log'!$A$2:$A$501,"<"&EDATE(A14,1))) | E14: =IF(A14="","",SUMIFS('Shift log'!$O$2:$O$501,'Shift log'!$A$2:$A$501,">="&A14,'Shift log'!$A$2:$A$501,"<"&EDATE(A14,1))) | F14: =IF(A14="","",SUMIFS('Shift log'!$P$2:$P$501,'Shift log'!$A$2:$A$501,">="&A14,'Shift log'!$A$2:$A$501,"<"&EDATE(A14,1))) | G14: =IF(OR(A14="",C14=0),"",F14/C14)
B15: =IF(A15="","",COUNTIFS('Shift log'!$A$2:$A$501,">="&A15,'Shift log'!$A$2:$A$501,"<"&EDATE(A15,1))) | C15: =IF(A15="","",SUMIFS('Shift log'!$E$2:$E$501,'Shift log'!$A$2:$A$501,">="&A15,'Shift log'!$A$2:$A$501,"<"&EDATE(A15,1))) | D15: =IF(A15="","",SUMIFS('Shift log'!$N$2:$N$501,'Shift log'!$A$2:$A$501,">="&A15,'Shift log'!$A$2:$A$501,"<"&EDATE(A15,1))) | E15: =IF(A15="","",SUMIFS('Shift log'!$O$2:$O$501,'Shift log'!$A$2:$A$501,">="&A15,'Shift log'!$A$2:$A$501,"<"&EDATE(A15,1))) | F15: =IF(A15="","",SUMIFS('Shift log'!$P$2:$P$501,'Shift log'!$A$2:$A$501,">="&A15,'Shift log'!$A$2:$A$501,"<"&EDATE(A15,1))) | G15: =IF(OR(A15="",C15=0),"",F15/C15)
B16: =IF(A16="","",COUNTIFS('Shift log'!$A$2:$A$501,">="&A16,'Shift log'!$A$2:$A$501,"<"&EDATE(A16,1))) | C16: =IF(A16="","",SUMIFS('Shift log'!$E$2:$E$501,'Shift log'!$A$2:$A$501,">="&A16,'Shift log'!$A$2:$A$501,"<"&EDATE(A16,1))) | D16: =IF(A16="","",SUMIFS('Shift log'!$N$2:$N$501,'Shift log'!$A$2:$A$501,">="&A16,'Shift log'!$A$2:$A$501,"<"&EDATE(A16,1))) | E16: =IF(A16="","",SUMIFS('Shift log'!$O$2:$O$501,'Shift log'!$A$2:$A$501,">="&A16,'Shift log'!$A$2:$A$501,"<"&EDATE(A16,1))) | F16: =IF(A16="","",SUMIFS('Shift log'!$P$2:$P$501,'Shift log'!$A$2:$A$501,">="&A16,'Shift log'!$A$2:$A$501,"<"&EDATE(A16,1))) | G16: =IF(OR(A16="",C16=0),"",F16/C16)
